 Dungeon Crawl Stone Soup version 0.23.2 (webtiles) character file.

Game seed: 8197161815360733127

130 whitdemon the Skirmisher (level 4, -2/37 HPs)
             Began as a Demonspawn Berserker on Apr 10, 2019.
             Was a Priest of Trog.
             Killed by divine providence
             ... invoked by an orc priest
              (10 damage)
             ... on level 3 of the Dungeon.
             The game lasted 00:24:58 (3095 turns).

whitdemon the Skirmisher (Demonspawn Berserker)     Turns: 3095, Time: 00:24:58

Health: -2/37      AC:  7    Str: 16 (18) XL:     4   Next: 89%
Magic:  4/4        EV:  9    Int:  8 (9)  God:    Trog [***...]
Gold:   167        SH:  3    Dex: 11 (14) Spells: 3/3 levels left

rFire    + . .     SeeInvis .   p - +0 falchion (vamp)
rCold    . . .     Gourm    .   h - +0 buckler
rNeg     . . .     Faith    .   l - +0 scale mail
rPois    .         Spirit   .   q - +0 helmet
rElec    .         Reflect  .   (no cloak)
rCorr    .         Harm     .   (no gloves)
MR       .....                  (no boots)
Stlth    ..........             (no amulet)
HPRegen  0.12/turn              m - ring of protection from fire
MPRegen  0.09/turn              (no ring)

@: no status effects
A: thin skeletal structure 1
a: Berserk, Trog's Hand, Renounce Religion


You were on level 3 of the Dungeon.
You worshipped Trog.
Trog was most pleased with you.
You were not hungry.

You visited 1 branch of the dungeon, and saw 3 of its levels.

You collected 167 gold pieces.

Inventory:

Hand Weapons
 a - a +0 hand axe
 e - a +0 whip
 g - a +3 short sword of speed
 j - a cursed -3 hunting sling
 p - a +0 vampiric falchion (weapon)
Armour
 b - a +0 animal skin
 h - a +0 buckler (worn)
 l - a +0 scale mail (worn)
 q - a +0 helmet (worn)
Jewellery
 m - a ring of protection from fire (left hand)
Scrolls
 d - 3 scrolls of teleportation
 i - 2 scrolls of remove curse
 n - a scroll of fear
 o - 3 scrolls of enchant armour
Potions
 f - a potion of ambrosia
Comestibles
 c - 4 rations


   Skills:
 + Level 3.8 Fighting
 + Level 2.9(3.2) Axes
 + Level 2.0(2.8) Maces & Flails
 + Level 2.3 Armour
 + Level 2.5 Dodging
 + Level 0.4 Stealth
 + Level 0.2 Shields


You had 3 spell levels left.
You didn't know any spells.
Your spell library was empty.

Dungeon Overview and Level Annotations

Branches:
Dungeon (3/15)

Altars:
Ashenzari


Innate Abilities, Weirdness & Mutations

You have a somewhat thin skeletal structure. (Dex +2, Stealth)


Message History

You completely miss the orc priest.
The orc priest is heavily wounded.
The orc priest closely misses you.
You hit the orc priest.
You feel better.
The orc priest is severely wounded.
The orc priest looks braver for a moment.
You barely miss the orc priest.
The orc priest is severely wounded.
The orc priest invokes the aid of Beogh against you.
Beogh smites you!
* * * LOW HITPOINT WARNING * * *
You barely miss the orc priest.
The orc priest is severely wounded.
The orc priest hits you with a +0 club.
* * * LOW HITPOINT WARNING * * *
You barely miss the orc priest.
The orc priest is severely wounded.
The orc priest calls down the wrath of Beogh upon you.
Beogh smites you!
You die...

.#####.#.#.## .#
#.#.#..##.#
#.#.......#
#.........#
######o#### ##+##
#†# ##...## #o#
#.....## ####o#
.......## ###.##@##
........###.......#
.......<'.........#
........###....#..#
.......## #.#.#...#
#.....## #.###...#
##...## #.# ...#
##+## #.# #.#.# #.#
.#.#


You could see an orc priest and 2 orcs.

Vanquished Creatures
  Robin (D:3)
  2 adders (D:2)
  An ooze (D:2)
  2 dart slugs
  A leopard gecko (D:2)
  5 orcs (D:3)
  A ball python (D:2)
  4 bats
  A giant cockroach (D:3)
  10 hobgoblins
  6 jackals
  12 kobolds
  2 quokkas
  4 frilled lizards
  8 goblins
  28 rats
88 creatures vanquished.

Notes
Turn   | Place    | Note
-------+----------+-------------------------------------------
     0 | D:1      | whitdemon the Demonspawn Berserker began the quest for the
                  | Orb.
     0 | D:1      | Reached XP level 1. HP: 18/18 MP: 1/1
   290 | D:1      | Gained mutation: You have a somewhat thin skeletal
                  | structure. (Dex +2, Stealth) [demonic ancestry]
   290 | D:1      | Reached XP level 2. HP: 15/24 MP: 2/2
  1275 | D:2      | Reached XP level 3. HP: 22/29 MP: 3/3
  1636 | D:2      | Reached ** piety under Trog
  1951 | D:2      | Reached skill level 1 in Maces & Flails
  1957 | D:2      | Reached XP level 4. HP: 37/37 MP: 4/4
  2145 | D:2      | Found a shattered altar of Ashenzari.
  2366 | D:3      | Noticed Robin
  2394 | D:3      | Killed Robin
  2674 | D:3      | Reached *** piety under Trog
  3095 | D:3      | Killed from afar by an orc priest

Skill      XL: |  1  2  3  4 |
---------------+-------------+-----
Dodging        | 2 |  2.5
Armour         | 2 |  2.3
Maces & Flails | 1 2 |  2.0
Fighting       | |  3.8
Axes           | |  2.9
Stealth        | |  0.4
Shields        | |  0.2

Action                   |  1- 3 |  4- 6 || total
-------------------------+-------+-------++-------
Melee: Whip              |   163 |   139 ||   302
       Hand axe          |     1 |       ||     1
       Falchion          |       |    39 ||    39
  Use: Scroll            |     5 |       ||     5
       Potion            |     4 |     3 ||     7
 Stab: Sleeping          |     1 |       ||     1
  Eat: Ration            |     1 |     3 ||     4
Armor: Animal skin       |     8 |       ||     8
       Ring mail         |    47 |       ||    47
       Scale mail        |    10 |    76 ||    86
Dodge: Dodged            |   101 |    79 ||   180
Block: Buckler           |    23 |    24 ||    47
       Rpst.: Falchion   |       |     1 ||     1
